Map: 环轨星港

Players

rektulfury

  • Race: Zerg Zerg
  • League: Diamond

Inkrusion - Winner!

  • Race: Protoss Protoss
  • League: Diamond

VOD

Have the link to the VOD?

Description

Time

  • Played on: Feb. 27, 2016, 9:23 a.m.
  • Length: 8:43
Show
View Real Time Build Order
Export as new Build Order

rektulfury Zerg 

Build Orders: Pool First 

Get SALT Encoding   

  12  0:01  Drone  
  13  0:23  Spawning Pool  
  13  0:26  Drone  
  13  0:34  Drone  
  14  0:40  Overlord  
  14  1:09  Zergling x4  
  14  1:10  Queen, Zergling x2  
  19  1:21  Zergling x2  
  20  1:34  Drone  
  20  1:38  Hatchery  
  20  1:48  Overlord  
  20  1:51  Queen  
  22  2:08  Drone  
  22  2:09  Drone  
  24  2:28  Drone  
  25  2:35  Hatchery, Drone x2  
  26  2:39  Drone  
  27  2:46  Drone  
  29  2:51  Drone  
  29  2:55  Drone  
  30  2:59  Queen  
  32  3:08  Drone x3  
  35  3:16  Drone  
  35  3:17  Overlord  
  36  3:23  Extractor  
  36  3:25  Extractor, Drone  
  35  3:27  Drone  
  36  3:40  Drone x3  
  36  3:41  Drone x4  
  41  3:47  Overlord  
  43  3:54  Overlord  
  43  4:00  Drone x2  
  43  4:01  Drone x2  
  47  4:10  Drone x4  
  47  4:13  Drone x3  
  47  4:14  Drone  
  55  4:21  Lair  
  55  4:23  Drone  
  56  4:26  Drone  
  56  4:27  Drone  
  56  4:29  Extractor  
  56  4:31  Extractor  
  56  4:32  Drone x2  
  56  4:33  Overlord  
  56  4:35  Metabolic Boost  
  58  4:43  Roach Warren  
  58  4:44  Overlord  
  57  4:47  Overlord, Drone  
  58  4:58  Drone x2  
  58  4:59  Drone  
  60  5:02  Queen  
  60  5:03  Drone x3  
  60  5:04  Drone  
  66  5:20  Overlord  
  66  5:21  Overlord  
  66  5:22  Roach x2  
  66  5:23  Roach x2, Glial Reconstitution  
  66  5:24  Roach  
  66  5:25  Roach x2  
  80  5:29  Overseer  
  80  5:35  Evolution Chamber  
  79  5:36  Overseer  
  79  5:37  Evolution Chamber  
  78  5:43  Roach x4  
  78  5:44  Roach  
  87  5:50  Spore Crawler  
  87  5:51  Roach x2, Spore Crawler  
  87  5:52  Roach x2  
  87  5:56  Roach x2  
  94  6:13  Drone x2  
  94  6:15  Overlord x2, Drone  
  94  6:16  Overlord x2  
  96  6:22  Drone  
  97  6:29  Spore Crawler  
  97  6:30  Overlord x2  
  96  6:38  Drone x3  
  96  6:39  Roach x3  
  105  6:45  Drone  
  105  6:46  Spine Crawler  
  105  6:54  Drone  
  106  6:55  Drone x2  
  106  7:00  Ravager  
  106  7:01  Ravager x2  
  111  7:10  Drone x2  
  111  7:13  Roach  
  111  7:14  Roach x5  
  115  7:31  Drone x2  
  115  7:32  Roach x3  
  118  7:42  Roach  
  94  7:52  Roach  
  94  7:58  Roach x5  
  98  7:59  Roach  
  99  8:08  Ravager x3  
  99  8:10  Roach x3  
  99  8:11  Roach  
  94  8:21  Roach  
Show
View Real Time Build Order
Export as new Build Order

Inkrusion Protoss - Winner!

Build Orders: Nexus First 

Get SALT Encoding   

  12  0:01  Probe (Chrono Boost)  
  13  0:11  Probe (Chrono Boost)  
  14  0:17  Pylon  
  14  0:22  Probe (Chrono Boost)  
  15  0:36  Probe (Chrono Boost)  
  16  0:46  Probe (Chrono Boost)  
  17  1:03  Nexus  
  17  1:12  Gateway  
  17  1:20  Forge  
  17  1:26  Assimilator  
  17  1:29  Probe (Chrono Boost)  
  18  1:39  Probe (Chrono Boost)  
  19  1:46  Pylon  
  19  1:53  Photon Cannon  
  19  1:57  Probe (Chrono Boost)  
  20  2:05  Cybernetics Core  
  20  2:08  Probe (Chrono Boost)  
  20  2:11  Assimilator  
  20  2:17  Probe (Chrono Boost)  
  20  2:20  Probe (Chrono Boost)  
  22  2:28  Probe (Chrono Boost)  
  24  2:39  Probe (Chrono Boost)  
  24  2:42  Mothership Core (Chrono Boost)  
  24  2:43  Adept  
  28  2:48  Warp Gate  
  28  2:49  Probe (Chrono Boost)  
  29  2:55  Gateway  
  29  3:03  Pylon  
  29  3:08  Probe (Chrono Boost)  
  29  3:09  Probe (Chrono Boost)  
  29  3:11  Sentry  
  33  3:18  Probe (Chrono Boost)  
  33  3:19  Probe (Chrono Boost)  
  35  3:29  Robotics Facility, Probe (Chrono Boost)  
  36  3:41  Stalker (Chrono Boost)  
  36  3:42  Probe (Chrono Boost)  
  36  3:43  Probe (Chrono Boost)  
  36  3:46  Assimilator  
  40  3:54  Probe  
  43  3:56  Gateway  
  43  3:57  Sentry (Chrono Boost)  
  43  4:02  Probe  
  43  4:06  Probe  
  45  4:14  Adept (Chrono Boost)  
  47  4:18  Warp Prism (Chrono Boost)  
  47  4:21  Gateway  
  47  4:22  Probe x2  
  51  4:31  Protoss Ground Weapons Level 1  
  51  4:32  Probe  
  51  4:34  Probe  
  53  4:39  Pylon  
  53  5:05  Pylon  
  53  5:08  Pylon  
  53  5:10  Probe  
  53  5:13  Gateway  
  54  5:15  Gateway  
  54  5:20  Assimilator  
  54  5:22  Probe  
  54  5:23  Probe  
  54  5:24  Immortal (Chrono Boost)  
  54  5:25  Stargate  
  54  5:26  Adept x2  
  54  5:27  Adept  
  66  5:31  Sentry  
  68  5:49  Adept  
  70  5:50  Pylon  
  70  5:54  Pylon  
  70  6:15  Immortal (Chrono Boost)  
  74  6:19  Nexus  
  74  6:21  Pylon  
  74  6:22  Pylon, Stalker  
  74  6:23  Stalker x2  
  80  6:43  Stalker x3  
  86  6:51  Probe  
  87  7:01  Stalker x3  
  93  7:09  Robotics Bay  
  87  7:31  Stalker x3  
  93  7:41  Stalker x3  
  95  7:45  Probe x2  
  95  7:46  Probe  
  95  7:50  Gateway  
  96  7:51  Gateway  
  96  7:56  Probe x2  
  96  8:03  Stalker  
  96  8:04  Stalker x3  
  104  8:09  Disruptor (Chrono Boost)  
  99  8:36  Stalker x5  
  99  8:37  Stalker  
Tags
 
Add a new tag
Caveats
  • Supply blocks, unpowered buildings, or Contaminate may cause inaccurate times.
  • Supply counts are checked every 10 seconds.